Map: Ice and Chrome LE

Players

Denver - Winner!

  • Race: Zerg Zerg
  • League: Master
  • Spawn Location: 1:00

SKillous

  • Race: Protoss Protoss
  • League: Master
  • Spawn Location: 7:00

Event: StayAtHomestory Cup #2

VOD

Have the link to the VOD?

Description

Time

  • Played on: June 11, 2020, 6:45 a.m.
  • Length: 12:49

All games in this series

Show
View Real Time Build Order
Export as new Build Order

Denver Zerg - Winner!

Build Orders: Hatch First 

Get SALT Encoding   

  12  0:00  Drone  
  13  0:13  Overlord  
  13  0:17  Drone  
  14  0:31  Drone x2  
  16  0:48  Drone  
  16  0:49  Drone  
  18  0:55  Hatchery  
  17  0:58  Drone  
  18  1:10  Extractor  
  17  1:14  Spawning Pool  
  17  1:17  Drone  
  17  1:20  Drone  
  18  1:30  Drone  
  19  1:41  Drone  
  20  1:51  Drone  
  21  2:02  Zergling x2  
  21  2:06  Queen  
  21  2:07  Queen, Zergling x2  
  27  2:11  Overlord  
  27  2:12  Metabolic Boost  
  27  2:19  Drone  
  28  2:30  Drone x2  
  30  2:40  Hatchery  
  30  2:42  Drone  
  30  2:45  Drone  
  30  2:47  Drone  
  32  2:52  Overlord  
  32  2:55  Drone  
  33  3:04  Zergling x2  
  33  3:06  Zergling x2  
  34  3:17  Drone x4  
  37  3:23  Drone x2  
  37  3:26  Spore Crawler  
  37  3:35  Drone x2  
  37  3:36  Spore Crawler  
  38  3:43  Drone  
  38  3:44  Drone  
  38  3:46  Queen  
  42  3:52  Drone x2, Overlord  
  42  3:53  Drone  
  45  3:55  Drone  
  45  4:00  Drone  
  46  4:06  Drone x3  
  46  4:07  Spore Crawler  
  48  4:14  Queen  
  50  4:17  Queen  
  50  4:21  Drone  
  50  4:22  Drone  
  50  4:23  Overlord  
  54  4:28  Drone x3  
  54  4:31  Overlord  
  57  4:34  Drone  
  58  4:40  Overlord  
  58  4:42  Overlord  
  57  4:47  Lair  
  57  4:48  Drone  
  57  4:49  Drone x3  
  57  4:50  Drone  
  62  4:52  Drone  
  62  4:53  Drone x2  
  62  4:59  Roach Warren  
  63  5:00  Extractor x2, Drone  
  63  5:03  Drone x2  
  64  5:07  Drone x3  
  64  5:09  Drone x2  
  64  5:11  Drone  
  66  5:15  Drone x3  
  66  5:19  Zergling x2  
  70  5:23  Extractor  
  70  5:26  Evolution Chamber  
  70  5:27  Zergling x6  
  71  5:30  Drone x3, Overlord  
  71  5:34  Overlord  
  71  5:35  Overlord  
  74  5:36  Pneumatized Carapace  
  74  5:38  Drone x2  
  74  5:39  Drone  
  74  5:42  Extractor  
  76  5:43  Drone x3  
  76  5:49  Overseer  
  79  5:53  Zergling x2  
  79  5:54  Zergling x4  
  79  5:55  Glial Reconstitution  
  81  5:57  Zerg Melee Weapons Level 1  
  81  6:01  Zergling x2  
  81  6:02  Zergling x14  
  89  6:07  Zergling x2  
  89  6:13  Spire  
  89  6:14  Extractor  
  89  6:16  Hatchery  
  89  6:18  Drone x3  
  89  6:19  Drone  
  89  6:23  Drone  
  89  6:24  Drone x2  
  93  6:28  Drone x3  
  93  6:29  Drone  
  97  6:35  Overlord  
  97  6:41  Drone  
  97  6:43  Overlord x2  
  95  7:01  Extractor  
  94  7:03  Roach  
  94  7:04  Extractor, Roach x9  
  112  7:09  Overlord  
  112  7:11  Overlord x2  
  111  7:15  Overlord  
  111  7:18  Overlord  
  111  7:20  Overlord  
  111  7:26  Roach x5  
  111  7:29  Overlord x3  
  121  7:32  Roach x2  
  125  7:39  Roach x2  
  125  7:41  Ravager x10  
  138  7:44  Roach  
  138  7:45  Roach x6  
  138  7:48  Roach  
  138  7:50  Roach  
  156  7:55  Roach  
  156  7:56  Roach x4  
  156  7:58  Overlord  
  165  8:02  Overlord  
  163  8:12  Roach x7  
  177  8:20  Roach x5  
  177  8:23  Overlord  
  177  8:24  Zerg Missile Weapons Level 1  
  181  8:39  Mutalisk x6  
  191  8:47  Mutalisk  
  191  8:54  Drone  
  191  8:55  Drone  
  189  8:58  Baneling Nest  
  181  9:07  Roach x9  
  181  9:08  Roach x3  
  191  9:14  Mutalisk x3  
  191  9:19  Drone x2  
  179  9:25  Roach x5  
  179  9:27  Ravager  
  170  9:43  Roach x5  
  170  9:44  Roach x5  
  190  9:50  Roach x4  
  198  9:59  Roach  
  195  10:10  Zergling x8  
  191  10:24  Zergling x14  
  191  10:25  Zergling x8  
  180  10:36  Roach x4  
  180  10:38  Overseer  
  180  10:40  Centrifical Hooks  
  180  10:42  Hatchery  
  173  10:46  Roach x4  
  173  10:48  Mutalisk x3  
  178  10:50  Overseer  
  159  11:04  Zergling x6  
  159  11:05  Zergling x4  
  159  11:07  Queen  
  159  11:08  Queen  
  159  11:10  Drone x6  
  172  11:18  Roach x3  
  178  11:29  Zergling x10  
  178  11:30  Baneling  
  178  11:31  Baneling x9  
  181  11:39  Roach  
  198  11:40  Roach x8  
  198  11:47  Infestation Pit  
  195  11:50  Baneling x8  
  195  11:51  Baneling x10  
  195  12:01  Baneling x7  
  189  12:13  Roach  
  189  12:14  Roach x5, Zergling x2  
  200  12:22  Zergling x6  
  200  12:34  Baneling x2  
Show
View Real Time Build Order
Export as new Build Order

SKillous Protoss 

Build Orders: 1 Gate Expand, Oracle Opening, Archon Immortal 

Get SALT Encoding   

  12  0:00  Probe  
  13  0:12  Probe  
  14  0:20  Pylon  
  14  0:24  Probe  
  15  0:34  Probe  
  15  0:41  Gateway  
  16  0:43  Probe  
  17  0:51  Assimilator  
  17  0:53  Probe  
  18  1:05  Probe  
  19  1:17  Probe  
  20  1:28  Nexus  
  20  1:38  Cybernetics Core  
  20  1:42  Probe  
  21  1:50  Assimilator  
  21  1:54  Probe  
  22  1:58  Pylon  
  22  2:06  Probe  
  22  2:07  Adept  
  23  2:18  Probe  
  23  2:21  Stargate  
  26  2:28  Adept  
  26  2:30  Probe, Warp Gate  
  27  2:39  Probe  
  27  2:42  Probe  
  31  2:47  Probe  
  32  2:54  Probe  
  32  2:56  Adept  
  32  2:57  Probe  
  33  2:58  Oracle  
  36  3:06  Probe  
  36  3:09  Probe  
  41  3:19  Probe  
  42  3:21  Probe  
  42  3:23  Pylon  
  43  3:30  Oracle  
  43  3:31  Probe  
  43  3:33  Probe  
  43  3:40  Gateway  
  44  3:43  Probe, Shield Battery  
  44  3:45  Probe, Assimilator  
  46  3:50  Assimilator  
  46  3:55  Probe  
  47  3:57  Probe  
  47  3:58  Pylon  
  48  4:07  Probe, Phoenix  
  48  4:09  Probe  
  52  4:15  Probe, Robotics Facility  
  52  4:18  Adept  
  52  4:21  Probe  
  52  4:24  Probe  
  57  4:34  Probe  
  57  4:35  Adept  
  60  4:41  Probe  
  60  4:45  Nexus  
  61  4:46  Probe, Pylon  
  62  4:57  Immortal  
  62  5:01  Probe  
  62  5:02  Pylon  
  62  5:03  Forge  
  62  5:04  Probe  
  68  5:07  Sentry  
  70  5:16  Protoss Ground Weapons Level 1  
  70  5:17  Shield Battery  
  70  5:19  Sentry  
  69  5:21  Probe  
  69  5:27  Probe  
  71  5:30  Gateway  
  71  5:31  Gateway  
  71  5:32  Twilight Council  
  71  5:33  Probe  
  71  5:34  Observer  
  72  5:36  Sentry  
  72  5:39  Probe  
  76  5:44  Pylon  
  76  5:45  Stalker  
  78  5:56  Probe x2  
  80  5:58  Gateway  
  80  6:00  Immortal  
  80  6:02  Probe  
  80  6:03  Gateway  
  84  6:08  Probe  
  84  6:09  Probe  
  84  6:10  Probe  
  87  6:13  Charge  
  88  6:19  Probe  
  88  6:20  Probe  
  88  6:21  Probe  
  91  6:30  Gateway  
  91  6:31  Probe, Gateway  
  92  6:32  Probe  
  92  6:33  Probe, Assimilator  
  92  6:34  Assimilator  
  92  6:39  Templar Archives  
  94  6:41  Pylon  
  94  6:43  Probe, Warp Prism  
  97  6:53  Probe  
  98  6:57  Photon Cannon  
  98  6:58  Pylon  
  98  7:02  Zealot x5  
  98  7:06  Pylon  
  108  7:09  Pylon  
  104  7:17  Probe  
  104  7:19  Protoss Ground Weapons Level 2, Photon Cannon  
  104  7:21  Immortal  
  109  7:25  High Templar x3  
  109  7:26  High Templar x3  
  109  7:27  Zealot  
  109  7:28  Zealot  
  125  7:30  Pylon  
  125  7:31  Archon x3  
  123  7:56  High Templar x2  
  123  7:58  Zealot x5  
  136  8:00  Archon  
  136  8:01  Pylon  
  136  8:02  Pylon  
  136  8:03  Pylon  
  136  8:06  Immortal  
  138  8:18  Nexus  
  138  8:19  Pylon  
  136  8:24  Zealot x6  
  145  8:27  Shield Battery  
  145  8:33  Probe  
  146  8:36  Probe  
  146  8:41  Immortal, Pylon  
  151  8:53  Zealot x2  
  151  8:54  Zealot x4  
  161  8:57  Probe  
  153  9:06  Zealot  
  153  9:08  Probe  
  140  9:13  Probe  
  140  9:14  Probe  
  140  9:16  Gateway  
  140  9:18  Gateway  
  140  9:19  Zealot  
  140  9:20  Pylon, Zealot x2  
  140  9:21  Pylon  
  142  9:27  Stalker  
  144  9:32  Phoenix  
  130  9:39  Stalker x2  
  130  9:40  Stalker x2  
  130  9:42  Stalker  
  130  9:44  Probe  
  137  9:47  Probe x2  
  137  9:50  Probe  
  139  9:58  Phoenix  
  139  9:59  Probe  
  142  10:04  Zealot x3  
  139  10:07  Probe  
  139  10:10  Probe  
  139  10:11  Probe  
  135  10:16  Zealot x3  
  135  10:17  Probe  
  130  10:25  Phoenix  
  92  10:48  Stalker  
  92  10:49  Stalker x4  
  86  10:50  Phoenix  
  86  10:53  Sentry x3  
  94  11:02  Probe  
  94  11:15  High Templar x2  
  94  11:16  High Templar x2  
  102  11:20  Archon x2, High Templar x2  
  102  11:22  High Templar x2  
  110  11:26  Archon  
  110  11:27  Archon, Immortal  
  110  11:46  Probe  
  111  11:50  Zealot x4  
  119  12:00  Zealot x4  
  123  12:12  Stalker x4  
  107  12:26  Zealot x3  
Tags
 
Add a new tag
Caveats
  • Supply blocks, unpowered buildings, or Contaminate may cause inaccurate times.
  • Supply counts are checked every 10 seconds.